 Dungeon Crawl Stone Soup version 0.31-a0-198-g2ad674f65e (webtiles) character file.

Game seed: 8358503355258561871

533 qw the Skirmisher (level 7, 0/40 HPs)
             Began as a Deep Elf Hunter on June 25, 2023.
             Hit by a boomerang of dispersal thrown by an orc (3 damage)
             ... on level 4 of the Dungeon.
             The game lasted 00:01:17 (3273 turns).

qw the Skirmisher (Deep Elf Hunter)                 Turns: 3273, Time: 00:01:18

Health: 0/40       AC:  9    Str: 10    XL:     7   Next: 4%
Magic:  9/9        EV: 16    Int: 14    God:
Gold:   315        SH:  5    Dex: 18    Spells: 6/6 levels left

rFire   . . .        Y - +2 shortbow
rCold   . . .        (shield currently unavailable)
rNeg    . . .        b - +0 ring mail
rPois   +            m - +2 helmet {SInv}
rElec   .            (no cloak)
rCorr   .            (no gloves)
SInv    +            g - +0 pair of boots
Will    .....        l - amulet of reflection
Stlth   +            h - +5 ring of evasion
HPRegen 0.26/turn    i - ring of poison resistance
MPRegen 0.11/turn

%: reflection
@: no status effects
A: no striking features
a: no special abilities


You were on level 4 of the Dungeon.
You visited 1 branch of the dungeon, and saw 4 of its levels.

You collected 315 gold pieces.


   Skills:
 - Level 2.6 Fighting
 - Level 10.0 Ranged Weapons
 - Level 1.7 Armour
 + Level 2.4 Dodging
 - Level 1.2 Stealth


You had 6 spell levels left.
You didn't know any spells.
Your spell library was empty.

Inventory:

Hand Weapons
 Y - a +2 shortbow (weapon)
Armour
 b - a +0 ring mail (worn)
 g - a +0 pair of boots (worn)
 m - a +2 helmet of see invisible (worn)
Jewellery
 c - a ring of protection from cold
 d - a ring of positive energy
 h - a +5 ring of evasion (left hand)
 i - a ring of poison resistance (right hand)
 l - an amulet of reflection (around neck)
Scrolls
 a - a scroll of identify
 n - 3 scrolls of teleportation {unknown}
Potions
 e - a potion of lignification {unknown}
 f - a potion of curing {unknown}
 j - 2 potions of cancellation {unknown}
 k - a potion of haste {unknown}

Dungeon Overview and Level Annotations

Branches:
Dungeon (4/15)
 Temple: D:4-7

Altars:
Elyvilon
Gozag

Shops:
D:2 :   D:4 *


Message History

The orc wizard casts a spell at you. The magic dart hits you.
The orc hits you but does no damage.
The orc wizard gestures at you while chanting.
The magic dart hits you but does no damage.
You block the orc's attack.
An orc comes into view. It is wielding a +0 club.
The orc barely misses you.
An orc comes into view. It is wielding a +0 dagger.
The orc wizard casts a spell.
The orc wizard flickers and vanishes for a moment.
The orc shouts!
You shoot an arrow. The arrow hits the orc wizard!
The orc wizard is heavily wounded.
You hear a shout!
The orc wizard gestures at you while chanting.
The magic dart hits you! The orc hits you but does no damage.
The orc throws a boomerang of dispersal.
The boomerang of dispersal misses the orc wizard.
You block the boomerang of dispersal with an invisible shield... and reflect it back!
The boomerang of dispersal hits the orc.
The orc blinks!
You shoot an arrow.
The arrow hits the orc wizard but does no damage.
The orc wizard is heavily wounded.
The orc wizard hits you but does no damage.
The orc wizard points at you and mumbles some strange words.
The puff of flame hits you!
The orc throws a boomerang of dispersal.
The boomerang of dispersal barely misses the orc wizard.
You block the boomerang of dispersal with an invisible shield... and reflect it back!
The boomerang of dispersal hits the orc.
The orc blinks!
You shoot an arrow. The arrow hits the orc wizard.
The orc wizard is severely wounded.
You block the orc wizard's attack. The orc wizard casts a spell at you.
The puff of flame hits you but does no damage.
The orc throws a boomerang of dispersal.
The boomerang of dispersal hits you.
You die...

.....'...........
..####...####.#.. #.# #...# #.#..
. #.####...####.#.# ..
#.##.............
...#####.##........##.##
...o.....##........#...#
..o#.ยค.o.............\..
......o@...........#...#
############...)..o.........##.##
....##...# #.................#..#
.##.##...##.........#####.......#
.##.##...##.........# #########
.+...'....###..o....# #..
.##?##....################# #.#
.##..#....##.......)......#####.#
.....#...##...........)...'..##.#


You could see 2 orc wizards and 4 orcs.

Vanquished Creatures
  2 black bears (D:4)
  An ogre (D:4)
  A centaur (D:4)
  2 orc priests (D:4)
  Robin (D:3)
  3 adders
  A worm (D:2)
  2 dart slugs (D:4)
  5 orcs
  7 ball pythons
  4 endoplasms
  2 giant cockroaches (D:2)
  14 goblins
  12 hobgoblins
  3 jackals (D:4)
  3 quokkas
  6 bats
  4 frilled lizards
  14 kobolds
  7 rats
94 creatures vanquished.

Notes
Turn   | Place    | Note
-------+----------+-------------------------------------------
     0 | D:1      | qw the Deep Elf Hunter began the quest for the Orb.
     0 | D:1      | Reached XP level 1. HP: 12/12 MP: 3/3
     0 | D:1      | 0 ||| qw: Version: 0.3-a-22-g0ed2b0b
     0 | D:1      | 0 ||| qw: Game counter: 5451
     0 | D:1      | 0 ||| qw: Melee chars always use a shield: true
     0 | D:1      | 0 ||| qw: God list: Okawaru
     0 | D:1      | 0 ||| qw: Allow faded altars: false
     0 | D:1      | 0 ||| qw: Do Orc after clearing Dungeon:15 true
     0 | D:1      | 0 ||| qw: Do second Lair branch before Depths: true
     0 | D:1      | 0 ||| qw: Lair rune preference: random
     0 | D:1      | 0 ||| qw: Goals: Normal
     0 | D:1      | 0 ||| PLANNING D:1-11
   295 | D:1      | Reached skill level 6 in Ranged Weapons
   295 | D:1      | Reached XP level 2. HP: 14/16 MP: 4/4
   410 | D:1      | 410 ||| FLEEEEING.
   842 | D:1      | 842 ||| UPGRADING to amulet of reflection.
   847 | D:1      | 847 ||| UPGRADING to ring of poison resistance.
   848 | D:1      | 848 ||| UPGRADING to ring of positive energy.
   849 | D:1      | 849 ||| READING 2 scrolls labelled FICLE SUNNAEB.
   850 | D:1      | 850 ||| READING scroll labelled CANNAH VIY.
   851 | D:1      | 851 ||| READING 2 scrolls labelled XUTUOSUE HYNALOCO.
   852 | D:1      | 852 ||| DRINKING 3 green potions.
   853 | D:1      | 853 ||| DROPPING scroll of butterflies.
   854 | D:1      | 854 ||| DROPPING scroll of fog.
  1027 | D:2      | Reached XP level 3. HP: 20/20 MP: 5/5
  1202 | D:2      | Reached skill level 7 in Ranged Weapons
  1202 | D:2      | 1202 ||| FLEEEEING.
  1205 | D:2      | 1205 ||| STAIRDANCE
  1276 | D:2      | HP: 2/20 [kobold/+0 whip (4)]
  1277 | D:2      | 1277 ||| DRINKING 2 potions of heal wounds.
  1289 | D:2      | HP: 4/20 [kobold/+0 whip (2)]
  1290 | D:2      | 1290 ||| DRINKING potion of heal wounds.
  1372 | D:2      | Reached XP level 4. HP: 25/25 MP: 6/6
  1608 | D:2      | Found Lumnopel's Book Shoppe.
  1739 | D:2      | 1739 ||| UPGRADING to +0 ring mail.
  1749 | D:2      | 1749 ||| DROPPING +0 leather armour.
  1750 | D:2      | 1750 ||| UPGRADING to +5 ring of evasion.
  1752 | D:2      | 1752 ||| UPGRADING to ring of poison resistance.
  1754 | D:2      | 1754 ||| READING 2 scrolls labelled WUTROV UMESURA.
  1755 | D:2      | 1755 ||| READING scroll of enchant weapon.
  1755 | D:2      | 1755 ||| ENCHANTING +1 shortbow.
  1756 | D:2      | 1756 ||| READING scroll labelled ROOVUG WOLOZIV.
  1757 | D:2      | 1757 ||| READING scroll labelled MACVUKL POVUH.
  1758 | D:2      | 1758 ||| READING scroll labelled YSHOOL ZADI.
  1938 | D:3      | Found a white marble altar of Elyvilon.
  2284 | D:3      | Noticed Robin
  2300 | D:3      | Killed Robin
  2301 | D:3      | Reached skill level 8 in Ranged Weapons
  2424 | D:3      | Found an opulent altar of Gozag.
  2650 | D:3      | 2650 ||| UPGRADING to +0 pair of boots.
  2655 | D:3      | 2655 ||| UPGRADING to +2 helmet of see invisible.
  2660 | D:3      | 2660 ||| READING scroll labelled SEAXI AGOO.
  2661 | D:3      | 2661 ||| DRINKING 2 pink potions.
  2662 | D:3      | 2662 ||| DROPPING potion of brilliance.
  2750 | D:4      | Noticed a centaur
  2752 | D:4      | 2752 ||| Stepping ~*~*~tactically~*~*~ (outnumbered).
  2756 | D:4      | Killed a centaur
  2757 | D:4      | Reached XP level 5. HP: 19/29 MP: 7/7
  2832 | D:4      | 2832 ||| FLEEEEING.
  2847 | D:4      | Reached skill level 9 in Ranged Weapons
  2919 | D:4      | Noticed a black bear
  2925 | D:4      | Killed a black bear
  2926 | D:4      | Reached XP level 6. HP: 31/36 MP: 8/8
  2966 | D:4      | Reached skill level 1 in Armour
  3204 | D:4      | Found Xive's Gadget Gallery.
  3270 | D:4      | Reached skill level 10 in Ranged Weapons
  3270 | D:4      | Reached XP level 7. HP: 19/40 MP: 9/9
  3272 | D:4      | HP: 2/40 [orc wizard/puff of flame (9)]
  3273 | D:4      | Hit by a boomerang of dispersal thrown by an orc

Levels and vault maps discovered:
D:1:      lemuel_arrival_muddy, layout_loops_ring, corexii_corridor_pit,
          minmay_distorted
D:2:      minmay_general_purpose_star, layout_loops_ring, serial_shops,
          nicolae_book_shop_shelving, minmay_circle_x
D:3:      layout_basic, mainiacjoe_overflow_six_doors_small,
          mainiacjoe_overflow_catwalk, serial_corexii_hall,
          corexii_hall_statues_i, chequers_hall_statues_corner_a, uniq_robin
D:4:      layout_basic, st_stairs_6, nrook_uturn, nicolae_shop_gadgets

Skill      XL: |  1  2  3  4  5  6 |
---------------+-------------------+-----
Ranged Weapons | 6 7 8 9 10 | 10.0
Fighting       | 2 |  2.6
Armour         | 1 |  1.7
Dodging        | |  2.4
Stealth        | |  1.2

Action                     |  1- 3 |  4- 6 |  7- 9 || total
---------------------------+-------+-------+-------++-------
   Fire: Shortbow          |   138 |   127 |     4 ||   269
    Use: Scroll            |     3 |     6 |       ||     9
         Potion            |     3 |     1 |       ||     4
 Armour: Leather armour    |    19 |       |       ||    19
         Ring mail         |       |    20 |     5 ||    25
  Dodge: Dodged            |    54 |    51 |     1 ||   106
  Block: Other             |    11 |    15 |     4 ||    30
         Reflection        |     1 |     2 |     2 ||     5

Table legend:
 A = Non-vault XP
 B = Vault XP
 C = Vault XP percentage of total XP
 D = Non-vault monster count
 E = Vault monster count
 F = Vault count percentage of total count
                 A         B        C        D         E       F
            +---------+---------+-------+---------+---------+-------
      Total |     696 |      66 |   8.7 |      71 |      23 |  24.5
            +---------+---------+-------+---------+---------+-------
        D:1 |      27 |       3 |  10.0 |      18 |       2 |  10.0
        D:2 |      48 |      27 |  36.0 |      22 |       9 |  29.0
        D:3 |      20 |      34 |  63.0 |      12 |      11 |  47.8
        D:4 |     601 |       2 |   0.3 |      19 |       1 |   5.0
            +---------+---------+-------+---------+---------+-------
